 Dungeon Crawl Stone Soup version 0.29-a0-375-g5102b3be25 (webtiles) character file.

Game seed: 12721647127619319769

25 purpskrrrp the Caller (level 2, 0/19 HPs)
             Began as a Demonspawn Summoner on May 4, 2022.
             Slain by a kobold
             ... wielding a +0 short sword
              (4 damage)
             ... on level 1 of the Dungeon.
             The game lasted 00:08:06 (1619 turns).

purpskrrrp the Caller (Demonspawn Summoner)         Turns: 1619, Time: 00:08:06

Health: 0/19       AC:  5    Str:  8    XL:     2   Next: 86%
Magic:  5/5        EV: 10    Int: 16    God:
Gold:   54         SH:  0    Dex: 13    Spells: 4/5 levels left

rFire   . . .      SeeInvis .   d - +0 spear
rCold   . . .      Faith    .   (no shield)
rNeg    . . .      Spirit   .   g - +0 ring mail
rPois   .          Reflect  .   (helmet restricted)
rElec   .          Harm     .   (no cloak)
rCorr   .          Rampage  .   (no gloves)
Will    .....                   (no boots)
Stlth   +.........              (no amulet)
HPRegen 0.06/turn               (no ring)
MPRegen 0.09/turn               (no ring)

@: no status effects
A: horns 1
a: no special abilities


You were on level 1 of the Dungeon.
You visited 1 branch of the dungeon, and saw 1 of its levels.

You collected 54 gold pieces.

Inventory:

Hand Weapons
 d - a +0 spear (weapon)
 e - a +0 short sword
Armour
 a - a +0 robe
 g - a +0 ring mail (worn)
Scrolls
 f - a scroll of identify
Potions
 b - a potion of magic
 c - 3 potions of brilliance
 h - a potion of flight {unknown}
 i - a potion of mutation {unknown}


   Skills:
 + Level 0.1 Fighting
 + Level 0.3 Polearms
 + Level 2.0 Dodging
 + Level 2.0 Stealth
 + Level 0.4 Unarmed Combat
 + Level 2.0 Spellcasting
 + Level 4.5 Summonings


You had 4 spell levels left.
You knew the following spells:

 Your Spells              Type           Power      Damage    Failure   Level
a - Summon Small Mammal   Summ           64%        N/A       10%         1

Your spell library contained the following spells:

 Spells                   Type           Power      Damage    Failure   Level
 Call Imp                 Summ           16%        N/A       16%         2
 Call Canine Familiar     Summ           16%        N/A       30%         3
 Summon Guardian Golem    Hex/Summ       8%         N/A       58%         3
 Summon Lightning Spire   Summ/Air       8%         N/A       94%         4


Dungeon Overview and Level Annotations

Branches:
Dungeon (1/15)

Altars:

Shops:
D:1 [**=


Innate Abilities, Weirdness & Mutations

You have a pair of small horns on your head.


Message History

The kobold shouts!
The kobold barely misses you.
There is an open door here.
You barely miss the kobold. The kobold barely misses you.
You miss the kobold. Your headbutt misses the kobold.
The kobold hits you with a +0 short sword.
You closely miss the kobold.
The kobold hits you with a +0 short sword.
You hit the kobold but do no damage. The kobold barely misses you.
You hit the kobold but do no damage.
The kobold hits you with a +0 short sword.
You barely miss the kobold. The kobold hits you but does no damage.
You hit the kobold but do no damage. Your punch misses the kobold.
The kobold hits you with a +0 short sword.
You barely miss the kobold. The kobold completely misses you.
You barely miss the kobold. The kobold hits you but does no damage.
You barely miss the kobold.
The kobold hits you with a +0 short sword.
You barely miss the kobold.
The kobold hits you with a +0 short sword.
* * * LOW HITPOINT WARNING * * *
You hit the kobold.
The kobold is severely wounded.
The kobold barely misses you. The kobold hits you but does no damage.
You hit the kobold but do no damage.
The kobold is severely wounded.
The kobold hits you with a +0 short sword.
* * * LOW HITPOINT WARNING * * *
You hit the kobold but do no damage.
You headbutt the kobold, but do no damage.
The kobold is severely wounded.
The kobold barely misses you. The kobold attacks as you move away!
The kobold hits you but does no damage.
There is an entrance to Siesh's Armour Shoppe here.
The kobold hits you but does no damage. The kobold attacks as you move away!
The kobold closely misses you.
There is an open door here.
The kobold attacks as you move away!
The kobold hits you with a +0 short sword.
You die...

....... . ..##..# ### ..##..#
.#####..# #.###+# ........# #.#
#.# .######.######
##.###.#########.##....
#..'..∩..+.......##.###
##.#####.###.#####∩##)###
.######.## ###K# ..............
.........###.#@###.############
#######.#.#)#...# ..#
#.##†####.# #.# #.####
######.###### #.# #≈≈≈≈♣.♣≈≈≈≈#
##.## #≈.P.....P.≈# ##...##
#≈P.....PPP≈# #.#.#.#
###♣.......P.♣### #.#.#.#
#.......<.......#


You could see a kobold.

Vanquished Creatures
  An endoplasm (D:1)
  2 giant cockroaches (D:1)
  6 goblins (D:1)
  2 hobgoblins (D:1)
  A kobold (D:1)
  4 ball pythons (D:1)
  3 bats (D:1)
  A frilled lizard (D:1)
  A rat (D:1)
21 creatures vanquished.

Vanquished Creatures (others)
  5 toadstools (D:1)
5 creatures vanquished.

Grand Total: 26 creatures vanquished

Notes
Turn   | Place    | Note
-------+----------+-------------------------------------------
     0 | D:1      | purpskrrrp the Demonspawn Summoner began the quest for the
                  | Orb.
     0 | D:1      | Reached XP level 1. HP: 13/13 MP: 3/3
   545 | D:1      | Gained mutation: You have a pair of small horns on your
                  | head. [demonic ancestry]
   545 | D:1      | Reached XP level 2. HP: 10/19 MP: 5/5
  1203 | D:1      | Found Galil's General Store.
  1213 | D:1      | Found Suant's Jewellery Shop.
  1384 | D:1      | Found Fees's Assorted Antiques.
  1587 | D:1      | Found Siesh's Armour Shoppe.
  1619 | D:1      | Slain by a kobold

Illustrated notes

Levels and vault maps discovered:
D:1:      ldierk_walled_garden, layout_loops_ring, serial_shops, shop, shop,
          nicolae_shop_hallway_plus, shop, nicolae_shop_stone,
          minmay_misc_feat_x

Skill      XL: |  1  2 |
---------------+-------+-----
Dodging        | 2 |  2.0
Stealth        | 2 |  2.0
Fighting       | |  0.1
Polearms       | |  0.3
Unarmed Combat | |  0.4
Spellcasting   | |  2.0
Summonings     | |  4.5

Action                   || total
-------------------------++-------
Melee: Spear             ||    95
       Unarmed           ||    10
       Headbutt          ||     5
  Use: Scroll            ||     3
       Potion            ||     1
 Stab: Sleeping          ||     1
Armor: Robe              ||     5
       Ring mail         ||    28
Dodge: Dodged            ||    76

Table legend: (Time is in decaauts)
 A = Elapsed time spent in this place.
 B = Non-inter-level travel time spent in this place.
 C = Inter-level travel time spent in this place.
 D = Time resting spent in this place.
 E = Time spent auto-exploring this place.
 F = Levels seen in this place.
 G = Mean time per level.
                   A        B        C        D        E       F      G
               +--------+--------+--------+--------+--------+-----+--------+
         Total |   1628 |   1600 |     28 |    727 |    518 |   1 | 1628.0 |
       Dungeon |   1628 |   1600 |     28 |    727 |    518 |   1 | 1628.0 |
               +--------+--------+--------+--------+--------+-----+--------+

Top non-repeatable levels by time:
     D:1: 1628 daAuts
